% Time on Ice - ANAHEIM OUTLAWS
Lines # - Real PCT - Wanted PCT - Time Play
Normal Forward
1 - 32% - 36% - 16:56
2 - 28% - 31% - 14:30
3 - 21% - 23% - 11:16
4 - 19% - 10% - 9:51
Normal Defense
1 - 45% - 36% - 23:39
2 - 23% - 31% - 12:05
3 - 27% - 23% - 14:14
4 - 5% - 10% - 2:35
PP Forward
1 - 55% - 55% - 1:55
2 - 45% - 45% - 1:34
PP Defense
1 - 53% - 55% - 1:51
2 - 47% - 45% - 1:38
PK Forward
1 - 65% - 55% - 2:35
2 - 35% - 45% - 1:23
PK Defense
1 - 81% - 55% - 3:12
2 - 19% - 45% - 0:46
PK3 Forward
1 - 0% - 55%
2 - 0% - 45%
PK3 Defense
1 - 0% - 55%
2 - 0% - 45%
44 Forward
1 - 100% - 55% - 0:42
2 - 0% - 45% - 0:00
44 Defense
1 - 100% - 55% - 0:42
2 - 0% - 45% - 0:00
Last Minute Offensive  - 0:00
Last Minute Defensive  - 0:00
Total
Forward - 60:42
Defense - 60:42
% Time on Ice - KANSAS CITY KILLERBEES
Lines # - Real PCT - Wanted PCT - Time Play
Normal Forward
1 - 36% - 36% - 18:45
2 - 31% - 31% - 16:15
3 - 21% - 23% - 11:03
4 - 12% - 10% - 6:30
Normal Defense
1 - 38% - 36% - 19:52
2 - 31% - 31% - 16:05
3 - 27% - 23% - 14:02
4 - 5% - 10% - 2:34
PP Forward
1 - 54% - 55% - 2:08
2 - 46% - 45% - 1:50
PP Defense
1 - 57% - 55% - 2:15
2 - 43% - 45% - 1:43
PK Forward
1 - 66% - 55% - 2:18
2 - 34% - 45% - 1:11
PK Defense
1 - 44% - 55% - 1:33
2 - 56% - 45% - 1:56
PK3 Forward
1 - 100% - 55% - 0:42
2 - 0% - 45% - 0:00
PK3 Defense
1 - 100% - 55% - 0:42
2 - 0% - 45% - 0:00
44 Forward
1 - 0% - 55%
2 - 0% - 45%
44 Defense
1 - 0% - 55%
2 - 0% - 45%
Last Minute Offensive  - 0:00
Last Minute Defensive  - 0:00
Total
Forward - 60:42
Defense - 60:42
Play-by-Play 1st period 0:01 of 1st period - Boone Jenner wins face-off versus Jeff Skinner in neutral zone. 0:39 of 1st period - Shot by Boone Jenner. 0:39 of 1st period - Shot Blocked by Morgan Rielly. 3:23 of 1st period - Icing by Rasmus Ristolainen. 3:24 of 1st period - Pius Suter wins face-off versus Tyler Johnson in ANAHEIM OUTLAWS zone. 3:24 of 1st period - Oliver Ekman-Larsson is hit by James van Riemsdyk and loses puck. 3:46 of 1st period - Shot by James van Riemsdyk. 3:46 of 1st period - Stopped by Jacob Markstrom without a rebound. 3:47 of 1st period - Boone Jenner wins face-off versus Pierre Engvall in ANAHEIM OUTLAWS zone. 3:52 of 1st period - Shot by Nicholas Paul. 3:52 of 1st period - Stopped by Jacob Markstrom without a rebound. 3:53 of 1st period - Adrian Kempe wins face-off versus Boone Jenner in ANAHEIM OUTLAWS zone. 3:53 of 1st period - Adrian Kempe is hit by Boone Jenner. 3:58 of 1st period - Off-side. 3:59 of 1st period - Morgan Barron wins face-off versus Kevin Fiala in neutral zone. 4:26 of 1st period - Icing by Mattias Ekholm. 4:27 of 1st period - Morgan Barron wins face-off versus Adrian Kempe in KANSAS CITY KILLERBEES zone. 4:27 of 1st period - Morgan Barron is hit by Michael Bunting. 4:32 of 1st period - Morgan Barron is hit by Michael Bunting and loses puck. 4:54 of 1st period - Icing by Rasmus Ristolainen. 4:55 of 1st period - Tyler Johnson wins face-off versus Adrian Kempe in ANAHEIM OUTLAWS zone. 4:56 of 1st period - Shot by James van Riemsdyk. 4:56 of 1st period - Goal by James van Riemsdyk - ANAHEIM OUTLAWS : 0 - KANSAS CITY KILLERBEES : 1. 4:57 of 1st period - Philipp Kurashev wins face-off versus Pius Suter in neutral zone. 5:02 of 1st period - Shot by Boone Jenner. 5:02 of 1st period - Deflect By Philipp Kurashev. 5:02 of 1st period - Shot Misses the Net. 5:23 of 1st period - Shot by Pius Suter. 5:23 of 1st period - Stopped by John Gibson without a rebound. 5:24 of 1st period - Adrian Kempe wins face-off versus Tyler Johnson in KANSAS CITY KILLERBEES zone. 5:39 of 1st period - Shot by Adrian Kempe. 5:39 of 1st period - Shot Misses the Net. 5:42 of 1st period - Icing by Mattias Ekholm. 5:43 of 1st period - Michael Rasmussen wins face-off versus Tyler Johnson in KANSAS CITY KILLERBEES zone. 5:44 of 1st period - Shot by Jeff Skinner. 5:44 of 1st period - Stopped by John Gibson without a rebound. 5:45 of 1st period - Boone Jenner wins face-off versus Michael Rasmussen in KANSAS CITY KILLERBEES zone. 6:14 of 1st period - Shot by Boone Jenner. 6:14 of 1st period - Stopped by Jacob Markstrom with a rebound. 6:22 of 1st period - Shot by Michael Rasmussen. 6:22 of 1st period - Stopped by John Gibson without a rebound. 6:23 of 1st period - Adrian Kempe wins face-off versus Tyler Johnson in KANSAS CITY KILLERBEES zone. 6:23 of 1st period - Adrian Kempe is hit by K'Andre Miller. 6:51 of 1st period - Shot by Adrian Kempe. 6:51 of 1st period - Shot Misses the Net. 7:05 of 1st period - Shot by Adrian Kempe. 7:05 of 1st period - Deflect By Carter Verhaeghe. 7:05 of 1st period - Stopped by John Gibson without a rebound. 7:06 of 1st period - David Gustafsson wins face-off versus Boone Jenner in KANSAS CITY KILLERBEES zone. 7:24 of 1st period - Icing by Kevin Fiala. 7:25 of 1st period - Morgan Barron wins face-off versus Kevin Fiala in ANAHEIM OUTLAWS zone. 7:26 of 1st period - Shot by Jakub Voracek. 7:26 of 1st period - Shot Misses the Net. 8:05 of 1st period - Icing by Kevin Fiala. 8:06 of 1st period - Kevin Fiala wins face-off versus Tyler Johnson in ANAHEIM OUTLAWS zone. 8:06 of 1st period - Kevin Fiala is hit by Alexis Lafreniere. 8:24 of 1st period - Tyler Johnson is hit by Henri Jokiharju and loses puck. 8:34 of 1st period - Jeff Skinner is hit by Tyler Johnson. 8:35 of 1st period - Minor Penalty to Mattias Ekholm for Boarding. 8:36 of 1st period - Michael Rasmussen wins face-off versus Boone Jenner in KANSAS CITY KILLERBEES zone. 8:45 of 1st period - Shot by Michael Rasmussen. 8:45 of 1st period - Stopped by John Gibson without a rebound. 8:46 of 1st period - Kevin Fiala wins face-off versus Tyler Johnson in KANSAS CITY KILLERBEES zone. 9:48 of 1st period - Shot by Noah Hanifin. 9:48 of 1st period - Stopped by John Gibson without a rebound. 9:49 of 1st period - Michael Rasmussen wins face-off versus James van Riemsdyk in KANSAS CITY KILLERBEES zone. 9:50 of 1st period - Shot by Michael Bunting. 9:50 of 1st period - Shot Misses the Net. 10:08 of 1st period - Shot by Noah Hanifin. 10:08 of 1st period - Shot Misses the Net. 10:20 of 1st period - Shot by Michael Bunting. 10:20 of 1st period - Shot Misses the Net. 10:22 of 1st period - Shot by Joey Anderson. 10:22 of 1st period - Shot Misses the Net. 10:24 of 1st period - Shot by Michael Rasmussen. 10:24 of 1st period - Stopped by John Gibson without a rebound. 10:25 of 1st period - James van Riemsdyk wins face-off versus Kevin Fiala in KANSAS CITY KILLERBEES zone. 10:42 of 1st period - Shot by Jack Quinn. 10:42 of 1st period - Stopped by John Gibson without a rebound. 10:43 of 1st period - MacKenzie Entwistle wins face-off versus Kevin Fiala in KANSAS CITY KILLERBEES zone. 10:43 of 1st period - MacKenzie Entwistle is hit by David Gustafsson. 11:36 of 1st period - Shot by Adrian Kempe. 11:36 of 1st period - Stopped by John Gibson without a rebound. 11:37 of 1st period - Boone Jenner wins face-off versus Jeff Skinner in KANSAS CITY KILLERBEES zone. 11:37 of 1st period - Boone Jenner is hit by Michael Rasmussen. 11:48 of 1st period - Philipp Kurashev is hit by Noah Hanifin and loses puck. 12:09 of 1st period - Shot by Boone Jenner. 12:09 of 1st period - Shot Misses the Net. 13:03 of 1st period - Shot by James van Riemsdyk. 13:03 of 1st period - Shot Misses the Net. 13:23 of 1st period - Rasmus Ristolainen is hit by Morgan Barron and loses puck. 13:29 of 1st period - Jakub Voracek is hit by Rasmus Ristolainen and loses puck. 14:01 of 1st period - Off-side. 14:02 of 1st period - Pius Suter wins face-off versus Boone Jenner in neutral zone. 15:29 of 1st period - Off-side. 15:30 of 1st period - Joey Anderson wins face-off versus Morgan Barron in neutral zone. 15:33 of 1st period - Jakub Voracek is hit by Michael Rasmussen and loses puck. 15:41 of 1st period - Minor Penalty to Jacob Muzzin for Hooking. 15:42 of 1st period - Boone Jenner wins face-off versus Michael Rasmussen in KANSAS CITY KILLERBEES zone. 15:51 of 1st period - Shot by Michael Rasmussen. 15:51 of 1st period - Deflect By Michael Bunting. 15:51 of 1st period - Stopped by John Gibson without a rebound. 15:52 of 1st period - Boone Jenner wins face-off versus Kevin Fiala in KANSAS CITY KILLERBEES zone. 16:35 of 1st period - Shot by Jeff Skinner. 16:35 of 1st period - Deflect By Kevin Fiala. 16:35 of 1st period - Stopped by John Gibson without a rebound. 16:36 of 1st period - Michael Rasmussen wins face-off versus Boone Jenner in KANSAS CITY KILLERBEES zone. 16:55 of 1st period - Shot by Michael Rasmussen. 16:55 of 1st period - Stopped by John Gibson without a rebound. 16:56 of 1st period - Michael Rasmussen wins face-off versus Boone Jenner in KANSAS CITY KILLERBEES zone. 16:57 of 1st period - Shot by Michael Bunting. 16:57 of 1st period - Stopped by John Gibson without a rebound. 16:58 of 1st period - Jeff Skinner wins face-off versus Boone Jenner in KANSAS CITY KILLERBEES zone. 17:09 of 1st period - Shot by Jeff Skinner. 17:09 of 1st period - Goal by Jeff Skinner - ANAHEIM OUTLAWS : 1 - KANSAS CITY KILLERBEES : 1. 17:10 of 1st period - Morgan Barron wins face-off versus Carter Verhaeghe in neutral zone. 17:38 of 1st period - Shot by Carter Verhaeghe. 17:38 of 1st period - Shot Misses the Net. 18:13 of 1st period - K'Andre Miller is hit by Jeff Skinner and loses puck. 18:23 of 1st period - Shot by Nicholas Paul. 18:23 of 1st period - Stopped by Jacob Markstrom without a rebound. 18:24 of 1st period - Pius Suter wins face-off versus James van Riemsdyk in ANAHEIM OUTLAWS zone. 18:24 of 1st period - Pius Suter is hit by Alexis Lafreniere. 19:01 of 1st period - Shot by Pius Suter. 19:01 of 1st period - Stopped by John Gibson without a rebound. 19:02 of 1st period - Boone Jenner wins face-off versus Michael Rasmussen in KANSAS CITY KILLERBEES zone. 19:06 of 1st period - Boone Jenner is hit by Michael Rasmussen and loses puck. 19:25 of 1st period - Shot by Nicholas Paul. 19:25 of 1st period - Deflect By Boone Jenner. 19:25 of 1st period - Stopped by Jacob Markstrom without a rebound. 19:26 of 1st period - Zach Aston-Reese wins face-off versus Adrian Kempe in ANAHEIM OUTLAWS zone. 19:52 of 1st period - Shot by Jakub Voracek. 19:52 of 1st period - Shot Misses the Net. 19:54 of 1st period - Shot by Jakub Voracek. 19:54 of 1st period - Shot Blocked by Jacob Trouba. 19:54 of 1st period - Jacob Trouba from ANAHEIM OUTLAWS is injured at 19:54 of 1st period (Right Hand). 19:55 of 1st period - Boone Jenner wins face-off versus Michael Rasmussen in ANAHEIM OUTLAWS zone. Goals for this period are 1 for ANAHEIM OUTLAWS vs 1 for KANSAS CITY KILLERBEES. Shots for this period are 15 for ANAHEIM OUTLAW